AoeStats
← yangcongze30

Arena

510206668Analyzed
3v3 RM · 1d ago on Sep 29, 2026· 40m 38s· 6 players
Game mode
Random Map
Map size
Normal (6 player)
Population
200
Speed
Normal
Resources
Standard
Victory
Conquest
Starting age
Dark Age
Ending age
Imperial Age
RankedLock teamsTeams togetherTeam positionsShared explorationLock speedFull tech treeHidden civsTurbo modeCheats
Victory
Defeat
🇮🇹 Persians · Italy
1146
+9
🇫🇷 Britons · France
1043
+12
🇻🇳 Khmer · Vietnam
991
+14
🇺🇾 Bulgarians · Uruguay
1038
-14
🇺🇾 Persians · Uruguay
948
-11
🇺🇾 Turks · Uruguay
907
-10
kyokiroto
11:00 Feudal Age
15:57 Double-Bit Axe
15:53 Horse Collar
19:58 Castle Age
18:11 Stone Mining
18:31 Gold Mining
20:56 Heavy Plow
21:07 Bow Saw
22:07 Gold Shaft Mining
28:50 Wheelbarrow
29:56 Hand Cart
31:08 Stone Shaft Mining
31:55 Ballistics
31:51 Scale Barding Armor
31:57 Forging
31:50 Town Watch
34:37 Imperial Age
32:44 Town Patrol
32:58 Husbandry
33:09 Bloodlines
32:21 Light Cavalry
35:07 Hussar
36:14 Chain Barding Armor
37:17 Iron Casting
38:04 Crop Rotation
39:14 Conscription
38:57 Double Crossbow
39:17 Heavy Scorpion
Unknown-Ben
0:32 Loom
11:57 Feudal Age
16:09 Castle Age
14:46 Double-Bit Axe
16:06 Stone Mining
17:09 Bow Saw
21:34 Treadmill Crane
23:56 Wheelbarrow
25:50 Gold Mining
26:00 Horse Collar
27:26 Gold Shaft Mining
27:37 Fletching
27:48 Padded Archer Armor
29:21 Heavy Plow
29:43 Hand Cart
33:00 Imperial Age
30:19 Town Watch
30:53 Pikeman
31:34 Squires
33:03 Yeomen
32:46 Bodkin Arrow
33:07 Leather Archer Armor
33:02 Forging
32:53 Scale Mail Armor
34:49 Chemistry
34:03 Masonry
34:16 Ballistics
34:07 Masonry
34:03 Bracer
33:53 Halberdier
34:59 Conscription
35:33 Ring Archer Armor
36:39 Iron Casting
36:20 Chain Mail Armor
35:53 Elite Longbowman
40:11 Blast Furnace
40:15 Two-Man Saw
yangcongze30
9:45 Feudal Age
11:02 Feudal Age
15:13 Castle Age
13:42 Double-Bit Axe
15:14 Loom
15:50 Bow Saw
24:27 Gold Mining
24:28 Stone Mining
26:25 Wheelbarrow
27:23 Hand Cart
29:08 Gold Shaft Mining
28:25 Stone Mining
28:21 Horse Collar
29:52 Stone Shaft Mining
32:22 Imperial Age
29:59 Heavy Plow
30:26 Husbandry
30:35 Scale Barding Armor
30:45 Masonry
30:50 Forging
30:52 Bloodlines
30:51 Town Watch
31:37 Ballistics
32:05 Chain Barding Armor
32:49 Iron Casting
32:35 Town Patrol
33:10 Architecture
33:40 Chemistry
34:24 Plate Barding Armor
35:46 Blast Furnace
37:01 Two-Man Saw
36:34 Crop Rotation
37:10 Conscription
36:55 Elite War Elephant
38:09 Fletching
Q13
0:26 Loom
9:34 Feudal Age
15:05 Castle Age
25:45 Wheelbarrow
25:30 Horse Collar
25:41 Double-Bit Axe
31:48 Imperial Age
30:51 Kamandaran
31:12 Husbandry
31:30 Heavy Plow
31:22 Stone Mining
31:22 Gold Mining
32:13 Bow Saw
32:52 Conscription
32:24 Cavalier
33:57 Bloodlines
35:54 Hand Cart
37:10 Scale Barding Armor
37:15 Forging
36:50 Crossbowman
37:35 Thumb Ring
37:42 Savar
Ragnarok
9:45 Loom
12:03 Feudal Age
16:08 Castle Age
14:02 Double-Bit Axe
17:21 Bow Saw
21:27 Horse Collar
27:32 Wheelbarrow
31:52 Imperial Age
31:33 Forging
31:23 Scale Mail Armor
33:06 Conscription
34:53 Pikeman
el_sego
4:24 Loom
14:09 Feudal Age
15:42 Double-Bit Axe
15:50 Horse Collar
19:00 Castle Age
18:40 Gold Mining
20:17 Bow Saw
20:15 Heavy Plow
20:22 Fletching
20:32 Padded Archer Armor
23:56 Bodkin Arrow
24:16 Leather Archer Armor
29:51 Imperial Age
29:30 Gold Shaft Mining
29:40 Wheelbarrow
30:54 Bracer
31:25 Ring Archer Armor
32:21 Two-Man Saw
34:08 Stone Mining
34:46 Hand Cart
34:38 Elite Janissary
38:26 Ballistics
Connection lost

Rejoining the realm…

Still unreachable

The connection could not be restored.

Session expired

The server has moved on; the page needs a fresh start.